Boston Bruins vs Chicago Black Hawks
Created - Tuesday, March 28, 2023 at 07:28
Goals
|
| Boston Bruins |
1 |
0 |
1 |
2 |
| Chicago Black Hawks |
3 |
1 |
2 |
6 |
|
Shots
|
| Boston Bruins |
9 |
4 |
7 |
20 |
| Chicago Black Hawks |
20 |
15 |
6 |
41 |
|
1st period
1. Chicago Black Hawks , Chris Kreider 9 (Vladimir Tarasenko 4, Matt Duchene 10) at 13:40
2. Boston Bruins , Ryan Donato 6 (Brock McGinn 1, Joel Farabee 8) at 15:22 (PP)
3. Chicago Black Hawks , Lawson Crouse 3 (Bryan Rust 5, Phillip Danault 5) at 17:33
4. Chicago Black Hawks , Nikolaj Ehlers 3 (Travis Konecny 6) at 18:48
Penalties :
Bo Horvat (CHI) for Goalie Interference (Minor) at 5:03, Rasmus Ristolainen (CHI) for Tripping (Minor) at 6:16, Devon Toews (CHI) for Hooking (Minor) at 14:46
2nd period
5. Chicago Black Hawks , Matthew Tkachuk 2 (Steven Stamkos 13, Devon Toews 3) at 14:08
Penalties :
Vincent Trocheck (BOS) for Cross-checking (Minor) at 4:36, Samuel Girard (BOS) for Hooking (Minor) at 9:42
3rd period
6. Chicago Black Hawks , Barclay Goodrow 3 (Bryan Rust 6, Mikhail Sergachev 8) at 2:59
7. Chicago Black Hawks , Matthew Tkachuk 3 (Steven Stamkos 14) at 4:39
8. Boston Bruins , Joonas Donskoi 3 (Charlie McAvoy 7, Tyson Barrie 4) at 17:42
Penalties :
Ryan Donato (BOS) for Tripping (Minor) at 9:49
Goalie Stats
David Rittich (BOS), 26 saves from 32 shots - (0.813), L, 2-4-2, 56:19 minutes
Kyle Keyser (BOS), 9 saves from 9 shots - (1.000), 3:41 minutes
Jordan Binnington (CHI), 18 saves from 20 shots - (0.900), W, 3-0-0, 60:00 minutes
Players Stats for Boston Bruins
Player Name G A P +/- PIM S H SB GA TA FO MP PP MP PK MP
------------------------------------------------------------------------------------
Anthony Beauvillier 0 0 0 0 0 3 0 0 1 0 0/1 14:10 0:04 0:47
Brandon Hagel 0 0 0 -1 0 1 1 0 0 0 1/2 15:49 0:00 0:00
Brock McGinn 0 1 1 -4 0 1 1 0 0 0 0/1 17:42 1:42 0:00
Charlie McAvoy 0 1 1 -1 0 2 2 3 0 4 0/0 26:54 2:15 3:22
Danton Heinen 0 0 0 -1 0 0 1 0 0 0 0/0 3:46 0:00 0:00
Joel Farabee 0 1 1 -4 0 0 1 0 1 0 0/0 19:16 1:42 1:09
Joonas Donskoi 1 0 1 0 0 2 0 0 0 1 0/2 15:03 0:04 1:40
Kyle Capobianco 0 0 0 0 0 0 0 0 0 0 0/0 3:40 0:00 0:00
Mason Appleton 0 0 0 0 0 0 0 0 0 0 0/1 3:26 0:04 0:00
Matt Grzelcyk 0 0 0 -2 0 0 0 1 0 0 0/0 14:13 0:00 0:55
Pavel Zacha 0 0 0 0 0 2 1 1 0 0 0/1 20:39 2:02 2:05
Phil Kessel 0 0 0 0 0 3 1 1 3 0 0/1 21:49 2:02 3:03
Ryan Donato 1 0 1 -4 2 1 3 1 0 0 1/7 19:25 1:42 1:15
Samuel Girard 0 0 0 -2 2 0 0 0 0 3 0/0 18:46 1:33 1:40
Sean Durzi 0 0 0 -2 0 2 0 1 0 1 0/0 20:04 1:33 2:35
Tyson Barrie 0 1 1 -1 0 1 0 2 1 0 0/0 24:08 2:15 3:22
Victor Mete 0 0 0 -2 0 0 0 0 0 0 0/0 12:33 0:00 0:00
Vincent Trocheck 0 0 0 -1 2 2 0 0 2 0 15/29 22:37 2:02 1:55
Players Stats for Chicago Black Hawks
Player Name G A P +/- PIM S H SB GA TA FO MP PP MP PK MP
------------------------------------------------------------------------------------
Barclay Goodrow 1 0 1 2 0 2 2 0 0 0 2/4 11:21 0:00 2:20
Bo Horvat 0 0 0 1 2 6 0 0 0 0 5/5 16:23 2:34 0:23
Brent Burns 0 0 0 1 0 2 1 2 0 0 0/0 24:00 3:00 1:14
Bryan Rust 0 2 2 2 0 0 0 0 0 0 0/0 9:10 0:06 0:00
Chris Kreider 1 0 1 1 0 4 1 1 2 1 1/1 17:18 3:17 0:46
Devon Toews 0 1 1 1 2 2 1 3 0 1 0/0 23:09 2:57 1:46
Lawson Crouse 1 0 1 2 0 4 4 0 0 0 0/0 11:54 0:06 2:15
Matt Duchene 0 1 1 2 0 3 0 0 0 0 1/2 19:51 3:17 0:00
Matthew Tkachuk 2 0 2 2 0 5 1 1 0 0 0/0 19:14 2:34 0:00
Mikhail Sergachev 0 1 1 4 0 0 2 1 0 1 0/0 22:44 3:00 1:31
Nicolas Hague 0 0 0 0 0 0 0 2 0 1 0/0 15:14 0:00 1:39
Nikolaj Ehlers 1 0 1 0 0 3 0 0 2 0 0/0 11:19 0:06 0:00
Phillip Danault 0 1 1 0 0 1 0 0 0 0 1/4 12:16 0:00 1:06
Rasmus Andersson 0 0 0 1 0 0 0 1 0 1 0/0 15:58 0:00 0:00
Rasmus Ristolainen 0 0 0 3 2 0 0 0 0 2 0/0 16:09 0:00 1:25
Steven Stamkos 0 2 2 2 0 2 1 0 2 0 17/28 19:51 3:17 0:00
Travis Konecny 0 1 1 0 0 5 0 0 1 0 1/1 13:27 2:34 0:00
Vladimir Tarasenko 0 1 1 1 0 2 3 0 2 1 0/0 16:05 2:57 0:00
3 Stars
1 - Matthew Tkachuk (CHI)
2 - Lawson Crouse (CHI)
3 - Mikhail Sergachev (CHI)
Power Play
Boston Bruins - 1 on 3 Attempt(s) - 33.33%
Chicago Black Hawks - 0 on 3 Attempt(s) - 0.00%
Penalty Kill
Boston Bruins - 3 on 3 Attempt(s) - 100.00%
- Score 0 goal in Penalty Kill
Chicago Black Hawks - 2 on 3 Attempt(s) - 66.67%
- Score 0 goal in Penalty Kill
Team Stat
Boston Bruins - Hits : 11 - Faceoff Wins : 17 - Blocked Shots : 10 - Penalty Minutes : 6
Chicago Black Hawks - Hits : 16 - Faceoff Wins : 28 - Blocked Shots : 11 - Penalty Minutes : 6
Official
Referees : Tim Peel and Brad Watson
Linesman : Shane Heyer and Darren Gibbs
Game Notes
Kyle Keyser is injured at 3:41 of 1st period (Right Foot)
David Rittich enters game at 3:41 of 1st period
Finance
Level 1 -- Attendance: 4723 (78.72%) -- Ticket Income $472,300
Level 2 -- Attendance: 3704 (74.08%) -- Ticket Income $222,240
Level 3 -- Attendance: 2690 (89.67%) -- Ticket Income $94,150
Level 4 -- Attendance: 3544 (70.88%) -- Ticket Income $88,600
Luxury Box -- Attendance: 814 (81.40%) -- Ticket Income $162,800
Game was played at the United Center.
Total Attendance: 15475 (77.38%)
Total Ticket Income: $1,040,090
Other Income: $364,032
Total Income: $1,404,122
Boston Bruins
5 vs 5 Forward
Center Left Wing Right Wing Time % Phy DF OF
1 Vincent Trocheck Pavel Zacha Phil Kessel 40 1 2 2
2 Ryan Donato Joel Farabee Brock McGinn 30 1 2 2
3 Brandon Hagel Anthony Beauvillier Joonas Donskoi 20 1 2 2
4 Vincent Trocheck Brandon Hagel Danton Heinen 10 1 2 2
5 vs 5 Defense
Defense Defense Time % Phy DF OF
1 Charlie McAvoy Tyson Barrie 40 1 2 2
2 Samuel Girard Sean Durzi 30 1 2 2
3 Victor Mete Matt Grzelcyk 20 1 2 2
4 Kyle Capobianco Charlie McAvoy 10 1 2 2
PowerPlay Forward
Center Left Wing Right Wing Time % Phy DF OF
1 Vincent Trocheck Pavel Zacha Phil Kessel 60 1 2 2
2 Ryan Donato Joel Farabee Brock McGinn 40 1 2 2
PowerPlay Defense
Defense Defense Time % Phy DF OF
1 Charlie McAvoy Tyson Barrie 60 1 2 2
2 Samuel Girard Sean Durzi 40 1 2 2
Penalty Kill 4 Players Forward
Center Wing Time % Phy DF OF
1 Vincent Trocheck Phil Kessel 60 1 2 2
2 Pavel Zacha Joel Farabee 40 1 2 2
Penalty Kill 4 Players Defense
Defense Defense Time % Phy DF OF
1 Charlie McAvoy Tyson Barrie 60 1 2 2
2 Samuel Girard Sean Durzi 40 1 2 2
Penalty Kill - 3 Players Forward
Forward Time % Phy DF OF
1 Vincent Trocheck 60 1 2 2
2 Phil Kessel 40 1 2 2
Penalty Kill - 3 Players Defense
Defense Defense Time % Phy DF OF
1 Charlie McAvoy Tyson Barrie 60 1 2 2
2 Samuel Girard Sean Durzi 40 1 2 2
4 vs 4 Forward
Center Wing Time % Phy DF OF
1 Vincent Trocheck Phil Kessel 60 1 2 2
2 Pavel Zacha Joel Farabee 40 1 2 2
4 vs 4 Defense
Defense Defense Time % Phy DF OF
1 Charlie McAvoy Tyson Barrie 60 1 2 2
2 Samuel Girard Sean Durzi 40 1 2 2
Last Minutes Offensive
Center Left Wing Right Wing Defense Defense
Vincent Trocheck Pavel Zacha Phil Kessel Charlie McAvoy Tyson Barrie
Last Minutes Defensive
Center Left Wing Right Wing Defense Defense
Vincent Trocheck Pavel Zacha Phil Kessel Charlie McAvoy Tyson Barrie
Goaltenders
Starting : Kyle Keyser
Backup : David Rittich
Extra Forwards
Normal : Mason Appleton, Anthony Beauvillier, Joonas Donskoi - PP : Mason Appleton, Anthony Beauvillier - PK : Joonas Donskoi
Extra Defensemen
Normal : Victor Mete, Matt Grzelcyk, Kyle Capobianco - PP : Victor Mete - PK : Matt Grzelcyk, Kyle Capobianco
Penalty Shots
Vincent Trocheck, Phil Kessel, Pavel Zacha, Joel Farabee, Anthony Beauvillier
Chicago Black Hawks
5 vs 5 Forward
Center Left Wing Right Wing Time % Phy DF OF
1 Steven Stamkos Matthew Tkachuk Matt Duchene 40 0 1 4
2 Bo Horvat Chris Kreider Vladimir Tarasenko 30 0 1 4
3 Phillip Danault Nikolaj Ehlers Travis Konecny 20 0 2 3
4 Barclay Goodrow Bryan Rust Lawson Crouse 10 0 2 3
5 vs 5 Defense
Defense Defense Time % Phy DF OF
1 Brent Burns Devon Toews 40 0 2 3
2 Rasmus Ristolainen Mikhail Sergachev 30 0 2 3
3 Rasmus Andersson Nicolas Hague 20 0 4 1
4 Mikhail Sergachev Rasmus Andersson 10 0 3 2
PowerPlay Forward
Center Left Wing Right Wing Time % Phy DF OF
1 Steven Stamkos Chris Kreider Matt Duchene 60 0 0 5
2 Bo Horvat Matthew Tkachuk Travis Konecny 40 0 0 5
PowerPlay Defense
Defense Defense Time % Phy DF OF
1 Brent Burns Mikhail Sergachev 60 0 0 5
2 Devon Toews Vladimir Tarasenko 40 0 0 5
Penalty Kill 4 Players Forward
Center Wing Time % Phy DF OF
1 Barclay Goodrow Lawson Crouse 60 0 5 0
2 Phillip Danault Chris Kreider 40 0 5 0
Penalty Kill 4 Players Defense
Defense Defense Time % Phy DF OF
1 Devon Toews Rasmus Ristolainen 60 0 5 0
2 Brent Burns Mikhail Sergachev 40 0 5 0
Penalty Kill - 3 Players Forward
Forward Time % Phy DF OF
1 Barclay Goodrow 60 0 5 0
2 Phillip Danault 40 0 5 0
Penalty Kill - 3 Players Defense
Defense Defense Time % Phy DF OF
1 Rasmus Ristolainen Mikhail Sergachev 60 0 5 0
2 Devon Toews Nicolas Hague 40 0 5 0
4 vs 4 Forward
Center Wing Time % Phy DF OF
1 Phillip Danault Nikolaj Ehlers 60 0 2 3
2 Bo Horvat Bryan Rust 40 0 2 3
4 vs 4 Defense
Defense Defense Time % Phy DF OF
1 Nicolas Hague Rasmus Ristolainen 60 0 4 1
2 Devon Toews Brent Burns 40 0 2 3
Last Minutes Offensive
Center Left Wing Right Wing Defense Defense
Steven Stamkos Chris Kreider Matthew Tkachuk Brent Burns Devon Toews
Last Minutes Defensive
Center Left Wing Right Wing Defense Defense
Barclay Goodrow Lawson Crouse Phillip Danault Rasmus Ristolainen Brent Burns
Goaltenders
Starting : Jordan Binnington
Backup : Ilya Sorokin
Extra Forwards
Normal : Lawson Crouse, Vladimir Tarasenko, Phillip Danault - PP : Bryan Rust, Nikolaj Ehlers - PK : Bo Horvat
Extra Defensemen
Normal : Rasmus Ristolainen, Nicolas Hague, Devon Toews - PP : Rasmus Ristolainen - PK : Nicolas Hague, Devon Toews
Penalty Shots
Bryan Rust, Matt Duchene, Devon Toews, Bo Horvat, Rasmus Ristolainen
% Time on Ice - Boston Bruins
Lines # - Real PCT - Wanted PCT - Time Play
Normal Forward
1 - 34% - 40% - 17:19
2 - 32% - 30% - 16:07
3 - 26% - 20% - 13:03
4 - 7% - 10% - 3:46
Normal Defense
1 - 37% - 40% - 18:31
2 - 32% - 30% - 15:56
3 - 24% - 20% - 12:08
4 - 7% - 10% - 3:40
PP Forward
1 - 55% - 60% - 2:06
2 - 45% - 40% - 1:42
PP Defense
1 - 59% - 60% - 2:15
2 - 41% - 40% - 1:33
PK Forward
1 - 81% - 60% - 4:48
2 - 19% - 40% - 1:09
PK Defense
1 - 57% - 60% - 3:22
2 - 43% - 40% - 2:35
PK3 Forward
1 - 0% - 60%
2 - 0% - 40%
PK3 Defense
1 - 0% - 60%
2 - 0% - 40%
44 Forward
1 - 0% - 60%
2 - 0% - 40%
44 Defense
1 - 0% - 60%
2 - 0% - 40%
Last Minute Offensive - 0:00
Last Minute Defensive - 0:00
Total
Forward - 60:00
Defense - 60:00
|
% Time on Ice - Chicago Black Hawks
Lines # - Real PCT - Wanted PCT - Time Play
Normal Forward
1 - 34% - 40% - 16:56
2 - 26% - 30% - 13:08
3 - 22% - 20% - 11:10
4 - 18% - 10% - 9:01
Normal Defense
1 - 39% - 40% - 19:46
2 - 29% - 30% - 14:31
3 - 25% - 20% - 12:35
4 - 7% - 10% - 3:23
PP Forward
1 - 57% - 60% - 3:23
2 - 43% - 40% - 2:34
PP Defense
1 - 50% - 60% - 3:00
2 - 50% - 40% - 2:57
PK Forward
1 - 74% - 60% - 2:15
2 - 26% - 40% - 0:47
PK Defense
1 - 87% - 60% - 2:39
2 - 13% - 40% - 0:23
PK3 Forward
1 - 59% - 60% - 0:27
2 - 41% - 40% - 0:19
PK3 Defense
1 - 100% - 60% - 0:46
2 - 0% - 40% - 0:00
44 Forward
1 - 0% - 60%
2 - 0% - 40%
44 Defense
1 - 0% - 60%
2 - 0% - 40%
Last Minute Offensive - 0:00
Last Minute Defensive - 0:00
Total
Forward - 60:00
Defense - 60:00
|
Play-by-Play
1st period
0:01 of 1st period - Vincent Trocheck wins face-off versus Steven Stamkos in neutral zone.
0:11 of 1st period - Wrist shot by Matthew Tkachuk.
0:11 of 1st period - Stopped by Kyle Keyser with a rebound.
0:13 of 1st period - Slapshot by Brent Burns.
0:13 of 1st period - Shot Misses the Net.
0:15 of 1st period - Slapshot by Brent Burns.
0:15 of 1st period - Shot Blocked by Charlie McAvoy.
0:17 of 1st period - Slapshot by Devon Toews.
0:17 of 1st period - Stopped by Kyle Keyser with a rebound.
0:38 of 1st period - Wrist shot by Joel Farabee.
0:38 of 1st period - Shot Misses the Net.
1:47 of 1st period - Slapshot by Brandon Hagel.
1:47 of 1st period - Shot Misses the Net.
1:49 of 1st period - Snap shot by Sean Durzi.
1:49 of 1st period - Stopped by Jordan Binnington without a rebound.
1:50 of 1st period - Bo Horvat wins face-off versus Vincent Trocheck in Chicago Black Hawks zone.
1:55 of 1st period - Victor Mete is hit by Vladimir Tarasenko and loses puck.
2:02 of 1st period - Slapshot by Bo Horvat.
2:02 of 1st period - Shot Blocked by Pavel Zacha.
2:04 of 1st period - Wrist shot by Bo Horvat.
2:04 of 1st period - Stopped by Kyle Keyser with a rebound.
2:06 of 1st period - Slapshot by Brent Burns.
2:06 of 1st period - Stopped by Kyle Keyser with a rebound.
2:37 of 1st period - Snap shot by Nikolaj Ehlers.
2:37 of 1st period - Stopped by Kyle Keyser with a rebound.
2:45 of 1st period - Wrist shot by Nikolaj Ehlers.
2:45 of 1st period - Stopped by Kyle Keyser with a rebound.
2:57 of 1st period - Wrist shot by Bo Horvat.
2:57 of 1st period - Stopped by Kyle Keyser with a rebound.
2:59 of 1st period - Wrist shot by Bo Horvat.
2:59 of 1st period - Deflect By Brock McGinn.
2:59 of 1st period - Shot Misses the Net.
2:59 of 1st period - Puck is out of play.
3:00 of 1st period - Bo Horvat wins face-off versus Ryan Donato in Boston Bruins zone.
3:11 of 1st period - Snap shot by Chris Kreider.
3:11 of 1st period - Deflect By Bo Horvat.
3:11 of 1st period - Stopped by Kyle Keyser with a rebound.
3:23 of 1st period - Snap shot by Vladimir Tarasenko.
3:23 of 1st period - Stopped by Kyle Keyser without a rebound.
3:24 of 1st period - Steven Stamkos wins face-off versus Vincent Trocheck in Boston Bruins zone.
3:41 of 1st period - Wrist shot by Matt Duchene.
3:41 of 1st period - Deflect By Steven Stamkos.
3:41 of 1st period - Shot Hit the Post.
3:41 of 1st period - Puck is out of play.
3:41 of 1st period - Kyle Keyser from Boston Bruins is injured at 3:41 of 1st period (Right Foot).
3:41 of 1st period - David Rittich enters game.
3:42 of 1st period - Vincent Trocheck wins face-off versus Steven Stamkos in Boston Bruins zone.
4:55 of 1st period - Snap shot by Phil Kessel.
4:55 of 1st period - Stopped by Jordan Binnington with a rebound.
4:57 of 1st period - Slapshot by Pavel Zacha.
4:57 of 1st period - Stopped by Jordan Binnington with a rebound.
5:03 of 1st period - Minor Penalty to Bo Horvat for Goalie Interference.
5:04 of 1st period - Barclay Goodrow wins face-off versus Vincent Trocheck in Chicago Black Hawks zone.
5:34 of 1st period - Snap shot by Ryan Donato.
5:34 of 1st period - Shot Misses the Net.
5:36 of 1st period - Snap shot by Brock McGinn.
5:36 of 1st period - Deflect By Joel Farabee.
5:36 of 1st period - Shot Blocked by Devon Toews.
5:36 of 1st period - Puck is out of play.
5:37 of 1st period - Vincent Trocheck wins face-off versus Phillip Danault in Chicago Black Hawks zone.
6:16 of 1st period - Minor Penalty to Rasmus Ristolainen for Tripping.
6:17 of 1st period - Vincent Trocheck wins face-off versus Barclay Goodrow in Chicago Black Hawks zone.
6:26 of 1st period - Snap shot by Phil Kessel.
6:26 of 1st period - Shot Blocked by Nicolas Hague.
7:03 of 1st period - Penalty to Bo Horvat is over, Bo Horvat is back on ice.
8:16 of 1st period - Penalty to Rasmus Ristolainen is over, Rasmus Ristolainen is back on ice.
8:21 of 1st period - Snap shot by Bo Horvat.
8:21 of 1st period - Shot Misses the Net.
8:27 of 1st period - Lawson Crouse is hit by Charlie McAvoy and loses puck.
8:50 of 1st period - Wrist shot by Steven Stamkos.
8:50 of 1st period - Stopped by David Rittich with a rebound.
9:09 of 1st period - Snap shot by Vincent Trocheck.
9:09 of 1st period - Shot Blocked by Brent Burns.
9:11 of 1st period - Snap shot by Vincent Trocheck.
9:11 of 1st period - Shot Blocked by Nicolas Hague.
9:13 of 1st period - Backhand shot by Vincent Trocheck.
9:13 of 1st period - Shot Misses the Net.
9:15 of 1st period - Snap shot by Vincent Trocheck.
9:15 of 1st period - Stopped by Jordan Binnington without a rebound.
9:16 of 1st period - Phillip Danault wins face-off versus Ryan Donato in Chicago Black Hawks zone.
10:49 of 1st period - Pavel Zacha is hit by Vladimir Tarasenko and loses puck.
10:58 of 1st period - Wrist shot by Bo Horvat.
10:58 of 1st period - Deflect By Chris Kreider.
10:58 of 1st period - Stopped by David Rittich with a rebound.
11:20 of 1st period - Slapshot by Lawson Crouse.
11:20 of 1st period - Stopped by David Rittich with a rebound.
11:32 of 1st period - Wrist shot by Phillip Danault.
11:32 of 1st period - Shot Hit the Post.
11:45 of 1st period - Icing by Rasmus Andersson.
11:46 of 1st period - Brandon Hagel wins face-off versus Phillip Danault in Chicago Black Hawks zone.
12:37 of 1st period - Snap shot by Chris Kreider.
12:37 of 1st period - Stopped by David Rittich without a rebound.
12:38 of 1st period - Steven Stamkos wins face-off versus Ryan Donato in Boston Bruins zone.
13:03 of 1st period - Anthony Beauvillier is hit by Devon Toews and loses puck.
13:10 of 1st period - Wrist shot by Bo Horvat.
13:10 of 1st period - Stopped by David Rittich without a rebound.
13:11 of 1st period - Steven Stamkos wins face-off versus Vincent Trocheck in Boston Bruins zone.
13:36 of 1st period - Wrist shot by Matt Duchene.
13:36 of 1st period - Stopped by David Rittich with a rebound.
13:38 of 1st period - Slapshot by Vladimir Tarasenko.
13:38 of 1st period - Stopped by David Rittich with a rebound.
13:40 of 1st period - Wrist shot by Chris Kreider.
13:40 of 1st period - Goal by Chris Kreider - Boston Bruins : 0 - Chicago Black Hawks : 1.
13:41 of 1st period - Steven Stamkos wins face-off versus Vincent Trocheck in neutral zone.
13:44 of 1st period - Snap shot by Devon Toews.
13:44 of 1st period - Shot Hit the Post.
13:54 of 1st period - Off-side.
13:55 of 1st period - Vincent Trocheck wins face-off versus Steven Stamkos in neutral zone.
14:08 of 1st period - Wrist shot by Matt Duchene.
14:08 of 1st period - Shot Blocked by Tyson Barrie.
14:22 of 1st period - Slapshot by Nikolaj Ehlers.
14:22 of 1st period - Deflect By Phil Kessel.
14:22 of 1st period - Shot Misses the Net.
14:22 of 1st period - Puck is out of play.
14:23 of 1st period - Travis Konecny wins face-off versus Brock McGinn in Boston Bruins zone.
14:39 of 1st period - Off-side.
14:40 of 1st period - Vincent Trocheck wins face-off versus Steven Stamkos in neutral zone.
14:46 of 1st period - Minor Penalty to Devon Toews for Hooking.
14:47 of 1st period - Barclay Goodrow wins face-off versus Pavel Zacha in Chicago Black Hawks zone.
15:01 of 1st period - Slapshot by Vincent Trocheck.
15:01 of 1st period - Shot Misses the Net.
15:13 of 1st period - Rasmus Ristolainen is hit by Brock McGinn and loses puck.
15:18 of 1st period - Wrist shot by Joel Farabee.
15:18 of 1st period - Shot Misses the Net.
15:20 of 1st period - Snap shot by Brock McGinn.
15:20 of 1st period - Shot Misses the Net.
15:22 of 1st period - Slapshot by Ryan Donato.
15:22 of 1st period - Goal by Ryan Donato - Boston Bruins : 1 - Chicago Black Hawks : 1.
15:23 of 1st period - Steven Stamkos wins face-off versus Vincent Trocheck in neutral zone.
16:11 of 1st period - Snap shot by Anthony Beauvillier.
16:11 of 1st period - Stopped by Jordan Binnington with a rebound.
16:13 of 1st period - Wrist shot by Brandon Hagel.
16:13 of 1st period - Stopped by Jordan Binnington with a rebound.
16:15 of 1st period - Snap shot by Brandon Hagel.
16:15 of 1st period - Shot Blocked by Mikhail Sergachev.
16:17 of 1st period - Snap shot by Samuel Girard.
16:17 of 1st period - Shot Misses the Net.
16:19 of 1st period - Snap shot by Joonas Donskoi.
16:19 of 1st period - Deflect By Anthony Beauvillier.
16:19 of 1st period - Deflect By Bo Horvat.
16:19 of 1st period - Stopped by Jordan Binnington with a rebound.
16:21 of 1st period - Snap shot by Anthony Beauvillier.
16:21 of 1st period - Shot Misses the Net.
16:57 of 1st period - Wrist shot by Matt Duchene.
16:57 of 1st period - Shot Blocked by Ryan Donato.
17:33 of 1st period - Wrist shot by Lawson Crouse.
17:33 of 1st period - Goal by Lawson Crouse - Boston Bruins : 1 - Chicago Black Hawks : 2.
17:34 of 1st period - Vincent Trocheck wins face-off versus Steven Stamkos in neutral zone.
17:47 of 1st period - Wrist shot by Matthew Tkachuk.
17:47 of 1st period - Stopped by David Rittich with a rebound.
17:49 of 1st period - Slapshot by Devon Toews.
17:49 of 1st period - Shot Blocked by Charlie McAvoy.
17:51 of 1st period - Slapshot by Devon Toews.
17:51 of 1st period - Shot Blocked by Tyson Barrie.
18:29 of 1st period - Bryan Rust is hit by Charlie McAvoy and loses puck.
18:48 of 1st period - Slapshot by Nikolaj Ehlers.
18:48 of 1st period - Goal by Nikolaj Ehlers - Boston Bruins : 1 - Chicago Black Hawks : 3.
18:49 of 1st period - Vincent Trocheck wins face-off versus Steven Stamkos in neutral zone.
19:16 of 1st period - Bo Horvat is hit by Ryan Donato and loses puck.
19:44 of 1st period - Slapshot by Joonas Donskoi.
19:44 of 1st period - Shot Blocked by Rasmus Andersson.
19:46 of 1st period - Snap shot by Brandon Hagel.
19:46 of 1st period - Shot Misses the Net.
19:48 of 1st period - Wrist shot by Anthony Beauvillier.
19:48 of 1st period - Stopped by Jordan Binnington without a rebound.
19:49 of 1st period - Steven Stamkos wins face-off versus Vincent Trocheck in Chicago Black Hawks zone.
Goals for this period are 1 for Boston Bruins vs 3 for Chicago Black Hawks.
Shots for this period are 9 for Boston Bruins vs 20 for Chicago Black Hawks.
2nd period
0:01 of 2nd period - Steven Stamkos wins face-off versus Vincent Trocheck in neutral zone.
0:04 of 2nd period - Tyson Barrie is hit by Brent Burns and loses puck.
0:32 of 2nd period - Wrist shot by Bo Horvat.
0:32 of 2nd period - Stopped by David Rittich without a rebound.
0:33 of 2nd period - Bo Horvat wins face-off versus Ryan Donato in Boston Bruins zone.
0:54 of 2nd period - Snap shot by Bo Horvat.
0:54 of 2nd period - Stopped by David Rittich with a rebound.
0:56 of 2nd period - Slapshot by Rasmus Ristolainen.
0:56 of 2nd period - Shot Misses the Net.
0:58 of 2nd period - Backhand shot by Nicolas Hague.
0:58 of 2nd period - Shot Blocked by Matt Grzelcyk.
1:39 of 2nd period - Snap shot by Joel Farabee.
1:39 of 2nd period - Shot Blocked by Chris Kreider.
1:41 of 2nd period - Snap shot by Brock McGinn.
1:41 of 2nd period - Stopped by Jordan Binnington without a rebound.
1:42 of 2nd period - Steven Stamkos wins face-off versus Vincent Trocheck in Chicago Black Hawks zone.
2:14 of 2nd period - Slapshot by Charlie McAvoy.
2:14 of 2nd period - Stopped by Jordan Binnington with a rebound.
3:44 of 2nd period - Off-side.
3:45 of 2nd period - Ryan Donato wins face-off versus Barclay Goodrow in neutral zone.
3:50 of 2nd period - Slapshot by Joel Farabee.
3:50 of 2nd period - Shot Blocked by Devon Toews.
3:56 of 2nd period - Snap shot by Lawson Crouse.
3:56 of 2nd period - Shot Blocked by Charlie McAvoy.
3:58 of 2nd period - Wrist shot by Barclay Goodrow.
3:58 of 2nd period - Stopped by David Rittich without a rebound.
3:59 of 2nd period - Steven Stamkos wins face-off versus Brandon Hagel in Boston Bruins zone.
4:12 of 2nd period - Wrist shot by Matt Duchene.
4:12 of 2nd period - Stopped by David Rittich without a rebound.
4:13 of 2nd period - Steven Stamkos wins face-off versus Vincent Trocheck in Boston Bruins zone.
4:16 of 2nd period - Snap shot by Matt Duchene.
4:16 of 2nd period - Shot Blocked by Phil Kessel.
4:36 of 2nd period - Minor Penalty to Vincent Trocheck for Cross-checking.
4:37 of 2nd period - Steven Stamkos wins face-off versus Joonas Donskoi in Boston Bruins zone.
4:40 of 2nd period - Snap shot by Chris Kreider.
4:40 of 2nd period - Shot Misses the Net.
4:52 of 2nd period - Slapshot by Charlie McAvoy.
4:52 of 2nd period - Stopped by Jordan Binnington with a rebound.
5:02 of 2nd period - Phil Kessel is hit by Mikhail Sergachev and loses puck.
6:36 of 2nd period - Penalty to Vincent Trocheck is over, Vincent Trocheck is back on ice.
8:26 of 2nd period - Snap shot by Travis Konecny.
8:26 of 2nd period - Stopped by David Rittich without a rebound.
8:27 of 2nd period - Vincent Trocheck wins face-off versus Phillip Danault in Boston Bruins zone.
8:52 of 2nd period - Rasmus Andersson is hit by Brandon Hagel and loses puck.
9:23 of 2nd period - Pavel Zacha is hit by Lawson Crouse.
9:29 of 2nd period - Wrist shot by Lawson Crouse.
9:29 of 2nd period - Stopped by David Rittich with a rebound.
9:31 of 2nd period - Snap shot by Devon Toews.
9:31 of 2nd period - Stopped by David Rittich without a rebound.
9:32 of 2nd period - Steven Stamkos wins face-off versus Anthony Beauvillier in Boston Bruins zone.
9:42 of 2nd period - Minor Penalty to Samuel Girard for Hooking.
9:43 of 2nd period - Matt Duchene wins face-off versus Vincent Trocheck in Boston Bruins zone.
10:17 of 2nd period - Wrist shot by Travis Konecny.
10:17 of 2nd period - Stopped by David Rittich with a rebound.
10:19 of 2nd period - Slapshot by Matthew Tkachuk.
10:19 of 2nd period - Shot Blocked by Sean Durzi.
10:21 of 2nd period - Slapshot by Brent Burns.
10:21 of 2nd period - Stopped by David Rittich with a rebound.
11:03 of 2nd period - Bo Horvat is hit by Ryan Donato and loses puck.
11:42 of 2nd period - Penalty to Samuel Girard is over, Samuel Girard is back on ice.
13:25 of 2nd period - Wrist shot by Phil Kessel.
13:25 of 2nd period - Stopped by Jordan Binnington without a rebound.
13:26 of 2nd period - Bo Horvat wins face-off versus Mason Appleton in Chicago Black Hawks zone.
14:04 of 2nd period - Wrist shot by Steven Stamkos.
14:04 of 2nd period - Shot Misses the Net.
14:08 of 2nd period - Snap shot by Matthew Tkachuk.
14:08 of 2nd period - Goal by Matthew Tkachuk - Boston Bruins : 1 - Chicago Black Hawks : 4.
14:09 of 2nd period - Vincent Trocheck wins face-off versus Steven Stamkos in neutral zone.
17:13 of 2nd period - Slapshot by Phillip Danault.
17:13 of 2nd period - Stopped by David Rittich with a rebound.
17:15 of 2nd period - Snap shot by Travis Konecny.
17:15 of 2nd period - Stopped by David Rittich with a rebound.
17:17 of 2nd period - Snap shot by Nikolaj Ehlers.
17:17 of 2nd period - Deflect By Travis Konecny.
17:17 of 2nd period - Stopped by David Rittich with a rebound.
17:31 of 2nd period - Victor Mete is hit by Vladimir Tarasenko and loses puck.
18:25 of 2nd period - Snap shot by Matt Duchene.
18:25 of 2nd period - Stopped by David Rittich with a rebound.
18:50 of 2nd period - Samuel Girard is hit by Lawson Crouse and loses puck.
19:16 of 2nd period - Slapshot by Chris Kreider.
19:16 of 2nd period - Stopped by David Rittich with a rebound.
19:22 of 2nd period - Pavel Zacha is hit by Matthew Tkachuk and loses puck.
19:52 of 2nd period - Joonas Donskoi is hit by Lawson Crouse and loses puck.
Goals for this period are 0 for Boston Bruins vs 1 for Chicago Black Hawks.
Shots for this period are 4 for Boston Bruins vs 15 for Chicago Black Hawks.
3rd period
0:01 of 3rd period - Steven Stamkos wins face-off versus Vincent Trocheck in neutral zone.
0:03 of 3rd period - Off-side.
0:04 of 3rd period - Steven Stamkos wins face-off versus Vincent Trocheck in neutral zone.
0:07 of 3rd period - Snap shot by Matt Duchene.
0:07 of 3rd period - Shot Misses the Net.
0:41 of 3rd period - Snap shot by Vincent Trocheck.
0:41 of 3rd period - Stopped by Jordan Binnington with a rebound.
0:43 of 3rd period - Snap shot by Pavel Zacha.
0:43 of 3rd period - Shot Blocked by Brent Burns.
0:45 of 3rd period - Snap shot by Phil Kessel.
0:45 of 3rd period - Shot Misses the Net.
0:47 of 3rd period - Snap shot by Phil Kessel.
0:47 of 3rd period - Stopped by Jordan Binnington with a rebound.
1:05 of 3rd period - Slapshot by Pavel Zacha.
1:05 of 3rd period - Stopped by Jordan Binnington without a rebound.
1:06 of 3rd period - Bo Horvat wins face-off versus Ryan Donato in Chicago Black Hawks zone.
1:06 of 3rd period - Bo Horvat is hit by Joel Farabee.
1:14 of 3rd period - Slapshot by Sean Durzi.
1:14 of 3rd period - Stopped by Jordan Binnington with a rebound.
2:29 of 3rd period - Nikolaj Ehlers is hit by Ryan Donato and loses puck.
2:40 of 3rd period - Mikhail Sergachev is hit by Phil Kessel and loses puck.
2:59 of 3rd period - Wrist shot by Barclay Goodrow.
2:59 of 3rd period - Goal by Barclay Goodrow - Boston Bruins : 1 - Chicago Black Hawks : 5.
3:00 of 3rd period - Vincent Trocheck wins face-off versus Steven Stamkos in neutral zone.
3:11 of 3rd period - Off-side.
3:12 of 3rd period - Steven Stamkos wins face-off versus Vincent Trocheck in neutral zone.
4:21 of 3rd period - Nikolaj Ehlers is hit by Pavel Zacha and loses puck.
4:37 of 3rd period - Wrist shot by Matthew Tkachuk.
4:37 of 3rd period - Stopped by David Rittich with a rebound.
4:39 of 3rd period - Snap shot by Matthew Tkachuk.
4:39 of 3rd period - Goal by Matthew Tkachuk - Boston Bruins : 1 - Chicago Black Hawks : 6.
4:40 of 3rd period - Steven Stamkos wins face-off versus Phil Kessel in neutral zone.
5:47 of 3rd period - Samuel Girard is hit by Barclay Goodrow and loses puck.
6:13 of 3rd period - Danton Heinen is hit by Mikhail Sergachev and loses puck.
7:09 of 3rd period - Joonas Donskoi is hit by Lawson Crouse.
8:00 of 3rd period - Snap shot by Travis Konecny.
8:00 of 3rd period - Deflect By Ryan Donato.
8:00 of 3rd period - Stopped by David Rittich with a rebound.
8:20 of 3rd period - Joonas Donskoi is hit by Steven Stamkos and loses puck.
9:02 of 3rd period - Joel Farabee is hit by Chris Kreider and loses puck.
9:15 of 3rd period - Nicolas Hague is hit by Danton Heinen and loses puck.
9:49 of 3rd period - Minor Penalty to Ryan Donato for Tripping.
9:50 of 3rd period - Vincent Trocheck wins face-off versus Matt Duchene in Boston Bruins zone.
11:49 of 3rd period - Penalty to Ryan Donato is over, Ryan Donato is back on ice.
12:09 of 3rd period - Ryan Donato is hit by Barclay Goodrow and loses puck.
13:08 of 3rd period - Snap shot by Mason Appleton.
13:08 of 3rd period - Shot Misses the Net.
15:13 of 3rd period - Off-side.
15:14 of 3rd period - Chris Kreider wins face-off versus Ryan Donato in neutral zone.
16:08 of 3rd period - Slapshot by Devon Toews.
16:08 of 3rd period - Shot Misses the Net.
16:32 of 3rd period - Snap shot by Lawson Crouse.
16:32 of 3rd period - Stopped by David Rittich without a rebound.
16:33 of 3rd period - Steven Stamkos wins face-off versus Joonas Donskoi in Boston Bruins zone.
16:42 of 3rd period - Snap shot by Steven Stamkos.
16:42 of 3rd period - Stopped by David Rittich without a rebound.
16:43 of 3rd period - Vincent Trocheck wins face-off versus Steven Stamkos in Boston Bruins zone.
16:50 of 3rd period - Wrist shot by Phil Kessel.
16:50 of 3rd period - Shot Misses the Net.
16:52 of 3rd period - Slapshot by Matt Grzelcyk.
16:52 of 3rd period - Shot Blocked by Matthew Tkachuk.
16:54 of 3rd period - Slapshot by Matt Grzelcyk.
16:54 of 3rd period - Shot Misses the Net.
17:34 of 3rd period - Slapshot by Tyson Barrie.
17:34 of 3rd period - Stopped by Jordan Binnington with a rebound.
17:36 of 3rd period - Snap shot by Joonas Donskoi.
17:36 of 3rd period - Deflect By Travis Konecny.
17:36 of 3rd period - Stopped by Jordan Binnington with a rebound.
17:38 of 3rd period - Wrist shot by Joonas Donskoi.
17:38 of 3rd period - Shot Blocked by Devon Toews.
17:40 of 3rd period - Slapshot by Charlie McAvoy.
17:40 of 3rd period - Shot Misses the Net.
17:42 of 3rd period - Wrist shot by Joonas Donskoi.
17:42 of 3rd period - Goal by Joonas Donskoi - Boston Bruins : 2 - Chicago Black Hawks : 6.
17:43 of 3rd period - Vincent Trocheck wins face-off versus Steven Stamkos in neutral zone.
17:58 of 3rd period - Slapshot by Phil Kessel.
17:58 of 3rd period - Shot Misses the Net.
18:37 of 3rd period - Wrist shot by Phillip Danault.
18:37 of 3rd period - Shot Misses the Net.
19:08 of 3rd period - Icing by Matt Grzelcyk.
19:09 of 3rd period - Vincent Trocheck wins face-off versus Steven Stamkos in Boston Bruins zone.
Goals for this period are 1 for Boston Bruins vs 2 for Chicago Black Hawks.
Shots for this period are 7 for Boston Bruins vs 6 for Chicago Black Hawks.
Back to the Top